 Dungeon Crawl Stone Soup version 0.32-a0-791-gfc315c9ecd (webtiles) character file.

Game seed: 12476557843006526594

10998 Fodor the Severer (level 11, -9/106 HPs)
             Began as a Minotaur Fighter on Mar 20, 2024.
             Was an Initiate of Gozag.
             Mangled by Snorg (17 damage)
             ... on level 10 of the Dungeon.
             The game lasted 00:30:35 (7665 turns).

Fodor the Severer (Minotaur Fighter)                Turns: 7665, Time: 00:30:37

Health: -9/106     AC: 21    Str: 25    XL:     11   Next: 43%
Magic:  8/8        EV:  8    Int:  5    God:    Gozag
Gold:   461        SH:  0    Dex: 10    Spells: 10/10 levels left

rFire   . . .        n - +6 battleaxe (venom)
rCold   . . .        (shield currently unavailable)
rNeg    . . .        e - +2 storm dragon scales
rPois   +            (helmet restricted)
rElec   +            L - +0 cloak
rCorr   .            (no gloves)
SInv    .            (no boots)
Will    .....        (no amulet) Stlth
                     C - +4 ring of protection
HPRegen 1.17/turn    (no ring)
MPRegen 0.11/turn

%: no passive effects
@: about to teleport, studying Fighting
A: horns 2, retaliatory headbutt, low MP 1, poison resistance, regeneration 1
a: Renounce Religion, Potion Petition, Call Merchant, Bribe Branch


You were on level 10 of the Dungeon.
You worshipped Gozag.
Gozag was aware of your devotion.
You visited 2 branches of the dungeon, and saw 11 of its levels.
You also visited: Bailey.

You collected 1677 gold pieces.
You spent 1122 gold pieces at shops.
You paid 94 gold pieces to Gozag.

Inventory:

Hand Weapons
 k - a +0 arbalest
 m - a +2 antimagic executioner's axe
 n - a +6 battleaxe of venom (weapon)
Missiles
 a - 9 boomerangs
 w - 4 throwing nets (quivered)
Armour
 e - +2 storm dragon scales (worn)
 L - a +0 cloak (worn)
Jewellery
 c - a ring of protection from fire
 q - an amulet of guardian spirit
 r - an amulet of regeneration
 C - a +4 ring of protection (left hand)
Talismans
 h - a maw talisman
Wands
 v - a wand of charming (11)
 x - a wand of flame (19)
 y - a wand of light (14)
 F - a wand of mindburst (15)
 H - a wand of polymorph (13)
 J - a wand of digging (3)
Scrolls
 g - a scroll of fog
 i - 4 scrolls of teleportation
 j - 2 scrolls of amnesia
 p - a scroll of vulnerability
 s - 3 scrolls of immolation
 t - a scroll of silence
 z - 2 scrolls of summoning
 D - 2 scrolls of acquirement
 G - a scroll of enchant armour
 I - a scroll of torment
Potions
 b - 2 potions of resistance
 d - 3 potions of might
 l - 3 potions of lignification
 o - a potion of attraction {unknown}
 u - 2 potions of brilliance
 A - 2 potions of haste
 B - 7 potions of curing
 E - a potion of invisibility {unknown}
Miscellaneous
 K - a condenser vane


   Skills:
 + Level 12.8 Fighting
 + Level 15.6 Axes
 + Level 9.7 Armour
 + Level 2.8 Dodging
 + Level 0.5 Stealth
 + Level 5.2 Shields


You had 10 spell levels left.
You didn't know any spells.
Your spell library contained the following spells:

 Spells                   Type           Power      Damage    Failure   Level
 Cigotuvi's Dreadful Rot  Necr/Alch/Air  0%         N/A       99%         2
 Static Discharge         Conj/Air       0%         3-3/arc   99%         2
 Hailstorm                Conj/Ice       0%         3d5       100%        3
 Summon Ice Beast         Ice/Summ       0%         N/A       100%        3
 Airstrike                Air            0%         2d(0-16)  100%        4
 Dispel Undead            Necr           0%         3d6       100%        4
 Martyr's Knell           Necr/Summ      0%         N/A       100%        4
 Summon Lightning Spire   Summ/Air       0%         N/A       100%        4
 Summon Forest            Summ/Tloc      0%         N/A       100%        5
 Eringya's Noxious Bog    Alch           0%         4d6       100%        6
 Permafrost Eruption      Ice/Erth       0%         2x4d2     100%        6
 Sculpt Simulacrum        Ice/Alch       0%         N/A       100%        6
 Summon Hydra             Summ           0%         N/A       100%        7


Dungeon Overview and Level Annotations

Branches:
Dungeon (10/15)            Temple (1/1) D:4          Bailey (visited)
   Lair: D:8-11         Orc: D:9-12

Altars:
Ashenzari
Cheibriados
Dithmenos
Elyvilon
Fedhas
Gozag
Hepliaklqana
Kikubaaqudgha
Makhleb
Nemelex Xobeh
Okawaru
Qazlal
Ru
Sif Muna
Trog
Uskayaw
Vehumet
Wu Jian
Xom
Yredelemnul
Zin
The Shining One

Shops:
D:3 (   D:4 [   D:6 ?   D:8 *

Annotations:
D:10 Snorg


Innate Abilities, Weirdness & Mutations

You have a pair of horns on your head.
You reflexively headbutt those who attack you in melee.
Your magical capacity is low. (-10% MP)
Your system is resistant to poisons. (rPois)
Your natural rate of healing is unusually fast.


Message History

Snorg shouts!
You slash Snorg!
Snorg is poisoned.
Snorg is no longer distracted by gold.
You headbutt Snorg.
Snorg is moderately wounded.
The yak is no longer distracted by gold.
Snorg barely misses you. Snorg claws you! Snorg claws you but does no damage.
Snorg is distracted by your dazzling golden aura.
Snorg shouts!
You hit Snorg.
Snorg looks as sick as possible!
Snorg is no longer distracted by gold.
Snorg is moderately wounded.
The yak is no longer distracted by gold.
Snorg bites you!! Snorg claws you but does no damage. Snorg claws you!
The yak is distracted by your dazzling golden aura.
You completely miss Snorg.
Snorg is moderately wounded.
Snorg bites you!
* * * LOW HITPOINT WARNING * * *
Snorg closely misses you. x2; Snorg bites you!
* * * LOW HITPOINT WARNING * * *
Snorg claws you but does no damage. Snorg closely misses you.
You feel much better. Snorg bites you. Snorg claws you but does no damage. x2
The yak is distracted by your dazzling golden aura. x2
The yak bellows! x2
You slice Snorg!!
Snorg looks as sick as possible!
Snorg is heavily wounded.
The yak is no longer distracted by gold. x2
Snorg bites you but does no damage. Snorg claws you!
* * * LOW HITPOINT WARNING * * *
Snorg closely misses you. Snorg bites you but does no damage.
Snorg barely misses you. Snorg claws you.
* * * LOW HITPOINT WARNING * * *
As you read the scroll of teleportation, it crumbles to dust.
You feel strangely unstable. Snorg bites you.
* * * LOW HITPOINT WARNING * * *
Snorg claws you!
* * * LOW HITPOINT WARNING * * *
Snorg claws you!
You die...
Your body crumbles into a pile of gold.

#...# #####.#.# #...# #.
.#####.#.# .. #...# ..
.+........ #.#####T..#
....#####.#.# ##.....#y..#
.#..### #.#.# #........Y.#
....... # #.. #........###
.......##.###
#......$Y#####.............
#......YYT@$...............
#.......Y#####.......##.#..
#........y.###....... #....
#......).#...#....... #.#.#
#............#.###### #.#..
#............#.# #....
#...........##.# #...#
#...........# .# #.#.#
#########...+ ### ##....


You could see Snorg (berserk, extremely poisoned) and 4 yaks.

Vanquished Creatures
  Josephine (D:10)
  Harold (D:9)
  Pikel (D:8)
  An orc knight (Bailey)
  Joseph (D:9)
  An unseen horror (D:9)
  5 wraiths (D:10)
  A wyvern (D:9)
  2 shadows (D:10)
  7 yaks
  3 vampire mosquitoes (D:10)
  2 steam dragons
  An acid dragon (D:9)
  Duvessa (D:7)
  A water moccasin (D:7)
  2 ice beasts
  3 black bears
  3 ogres
  15 orc warriors
  2 centaurs (D:9)
  A lemure (D:8)
  2 kobold brigands
  3 bullfrogs
  4 scorpions (D:5)
  4 gnoll sergeants
  12 wights
  Dowan (D:7)
  6 killer bees (D:10)
  8 howler monkeys
  A bombardier beetle (D:4)
  A jelly (D:5)
  2 hounds
  A gnoll bouda (D:4)
  2 orc priests
  A sleepcap (D:5)
  An iguana (D:5)
  8 orc wizards
  Ijyb (D:3)
  24 gnolls
  5 adders
  A shadow imp (D:5)
  A white imp (D:6)
  3 dart slugs
  A ribbon worm (D:5)
  54 orcs
  8 ball pythons
  2 bats (D:1)
  8 endoplasms
  3 giant cockroaches
  11 goblins
  7 hobgoblins
  2 jackals (D:3)
  17 kobolds
  2 quokkas
  2 frilled lizards
  3 rats
267 creatures vanquished.

Notes
Turn   | Place    | Note
-------+----------+-------------------------------------------
     0 | D:1      | Fodor the Minotaur Fighter began the quest for the Orb.
     0 | D:1      | Reached XP level 1. HP: 19/19 MP: 0/0
    95 | D:1      | Reached XP level 2. HP: 25/27 MP: 1/1
   368 | D:1      | Reached XP level 3. HP: 34/34 MP: 2/2
  1075 | D:2      | Reached skill level 3 in Axes
  1569 | D:3      | Found Ficka's Weapon Shop.
  1653 | D:3      | Reached XP level 4. HP: 39/41 MP: 3/3
  1773 | D:3      | Found a faded altar of an unknown god.
  1880 | D:3      | Found a broken altar of Ashenzari.
  2026 | D:3      | Noticed Ijyb
  2040 | D:3      | Killed Ijyb
  2041 | D:3      | Reached skill level 4 in Axes
  2041 | D:3      | Reached XP level 5. HP: 41/47 MP: 2/4
  2412 | D:4      | Found Natudyo's Antique Armour Shoppe.
  2488 | D:4      | Reached skill level 5 in Axes
  2810 | D:4      | Found a staircase to the Ecumenical Temple.
  2819 | Temple   | Entered the Ecumenical Temple
  2819 | Temple   | Noticed a hellion
  2819 | Temple   | Noticed a reaper
  2820 | Temple   | Noticed Lace Sagusch the pandemonium lord
  2820 | Temple   | Noticed a hellwing
  2820 | Temple   | Noticed Koenuna the pandemonium lord
  2820 | Temple   | Noticed a neqoxec
  2821 | Temple   | Noticed a Brimstone Fiend
  2822 | Temple   | Noticed a rust devil
  2823 | Temple   | Noticed Kuafeofo the pandemonium lord
  2823 | Temple   | Noticed a smoke demon
  2823 | Temple   | Noticed a soul eater
  2824 | Temple   | Noticed a neqoxec
  2824 | Temple   | Noticed an ice devil
  2859 | Temple   | Noticed a neqoxec
  2860 | Temple   | Noticed Ifa Vov the pandemonium lord
  2876 | Temple   | Noticed an Ice Fiend
  2877 | Temple   | Noticed Fatosad the pandemonium lord
  2877 | Temple   | Noticed a neqoxec
  2879 | Temple   | Noticed an orange demon
  2888 | Temple   | Noticed Taabyt the pandemonium lord
  3116 | D:5      | Entered Level 5 of the Dungeon
  3116 | D:5      | Noticed a black bear
  3126 | D:5      | Killed a black bear
  3127 | D:5      | Reached skill level 6 in Axes
  3127 | D:5      | Reached XP level 6. HP: 44/55 MP: 3/5
  3365 | D:5      | Reached skill level 5 in Fighting
  3365 | D:5      | Reached skill level 5 in Armour
  3609 | D:5      | Found a glowing silver altar of Zin.
  3609 | D:5      | Noticed an angel
  3616 | D:5      | Reached XP level 7. HP: 61/61 MP: 6/6
  3646 | D:5      | Reached skill level 7 in Axes
  3868 | D:5      | Gained mutation: Your magical capacity is low. (-10% MP)
                  | [potion of mutation]
  3868 | D:5      | Gained mutation: Your natural rate of healing is unusually
                  | fast. [potion of mutation]
  3868 | D:5      | Gained mutation: Your system is resistant to poisons.
                  | (rPois) [potion of mutation]
  3870 | D:5      | Reached skill level 8 in Axes
  3870 | D:5      | Reached skill level 5 in Shields
  4017 | D:5      | Found an opulent altar of Gozag.
  4026 | D:5      | Became a worshipper of Gozag Ym Sagoz the Greedy
  4040 | D:5      | Found a basalt altar of Yredelemnul.
  4142 | D:6      | Reached XP level 8. HP: 14/71 MP: 2/6
  4523 | D:6      | Reached skill level 9 in Axes
  4523 | D:6      | Reached skill level 1 in Dodging
  4804 | D:6      | Found Caimnet's Magic Scroll Emporium.
  4808 | D:6      | Bought a scroll of identify for 26 gold pieces
  4808 | D:6      | Bought a scroll of identify for 26 gold pieces
  4808 | D:6      | Bought a scroll of brand weapon for 123 gold pieces
  4808 | D:6      | Bought a scroll of identify for 26 gold pieces
  4808 | D:6      | Bought a scroll of enchant weapon for 97 gold pieces
  4924 | D:7      | Found a shimmering blue altar of Sif Muna.
  4932 | D:7      | Found a snail-covered altar of Cheibriados.
  4986 | D:7      | Reached skill level 10 in Axes
  4986 | D:7      | Reached XP level 9. HP: 61/79 MP: 7/7
  5274 | D:7      | Noticed Dowan
  5275 | D:7      | Noticed Duvessa
  5286 | D:7      | Killed Duvessa
  5287 | D:7      | Reached skill level 11 in Axes
  5291 | D:7      | Killed Dowan
  5567 | D:8      | Found Cuadghinujo's General Store.
  5674 | D:8      | Bought a wand of flame (7) for 58 gold pieces
  5674 | D:8      | Bought a scroll of enchant armour for 90 gold pieces
  5696 | D:8      | Found a bloodstained altar of Trog.
  5720 | D:8      | Reached skill level 12 in Axes
  5720 | D:8      | Found a flagged portal.
  5756 | D:8      | Noticed Pikel
  5760 | D:8      | Reached XP level 10. HP: 73/91 MP: 8/8
  5767 | D:8      | Killed Pikel
  5826 | Bailey   | Entered a bailey
  5917 | Bailey   | Reached skill level 13 in Axes
  6074 | Bailey   | Noticed an orc knight
  6082 | Bailey   | Killed an orc knight
  6083 | Bailey   | Reached skill level 10 in Fighting
  6606 | D:9      | Reached skill level 14 in Axes
  6697 | D:9      | Noticed Harold
  6710 | D:9      | Killed Harold
  6728 | D:9      | Reached XP level 11. HP: 102/102 MP: 8/8
  6868 | D:9      | Noticed Joseph
  6893 | D:9      | Killed Joseph
  7219 | D:6      | Bought a scroll of acquirement for 676 gold pieces
  7273 | D:10     | Entered Level 10 of the Dungeon
  7352 | D:10     | Reached skill level 15 in Axes
  7556 | D:10     | Noticed Josephine
  7569 | D:10     | Killed Josephine
  7622 | D:10     | Noticed Snorg
  7665 | D:10     | Mangled by Snorg

Illustrated notes

Levels and vault maps discovered:
D:1:      tarquinn_simple_flora_water_b, layout_basic,
          minmay_misc_feat_secret_circle
D:2:      layout_rooms, roderic_lattice_a, grunt_ministairs_13
D:3:      layout_loops_ring, mainiacjoe_overflow_paths, serial_shops, shop,
          hellmonk_ecumenical_altar_blasted, uniq_ijyb
D:4:      layout_basic, minmay_temple_entry_butterflies, serial_shops,
          nicolae_stop_n_shop_1
D:5:      layout_basic, mainiacjoe_overflow_big_doors, zin_angel
D:6:      layout_gridville, serial_shops, nicolae_shop_rolled_up
D:7:      layout_cave_pools, minitemple, uniq_duvessa
D:8:      layout_rooms, lemuel_crystal_altar, enter_bailey_3, serial_shops,
          shop, uniq_pikel
D:9:      layout_basic, lemuel_flamethrower_1, uniq_joseph, uniq_harold
D:10:     layout_basic, hangedman_abyss_or_decor_passed, uniq_snorg,
          uniq_josephine
Temple:   nicolae_temple_panitentiary

Skill      XL: |  1  2  3  4  5  6  7  8  9 10 11 |
---------------+----------------------------------+-----
Shields        | 4 5 |  5.2
Armour         | 4 5 7 8 9 |  9.7
Fighting       | 4 5 6 7 9 11 12 | 12.8
Axes           | 3 4 6 8 10 12 14 15 | 15.6
Dodging        | 1 2 |  2.8
Stealth        | |  0.5

Action                     |  1- 3 |  4- 6 |  7- 9 | 10-12 || total
---------------------------+-------+-------+-------+-------++-------
  Melee: War axe           |    77 |   103 |    93 |       ||   273
         Headbutt          |     8 |    11 |    36 |    32 ||    87
         Battleaxe         |       |       |   151 |   162 ||   313
   Fire: Arbalest          |       |       |       |     1 ||     1
    Use: Potion            |       |       |     7 |     1 ||     8
         Scroll            |       |       |    14 |     3 ||    17
   Stab: Distracted        |       |       |       |     1 ||     1
 Armour: Storm dragon scal |    79 |   103 |   308 |   269 ||   759
  Dodge: Dodged            |    28 |    29 |   131 |   135 ||   323
  Block: Buckler           |    16 |    30 |    27 |       ||    73

Table legend: (Time is in decaauts)
 A = Elapsed time spent in this place.
 B = Non-inter-level travel time spent in this place.
 C = Inter-level travel time spent in this place.
 D = Time resting spent in this place.
 E = Time spent auto-exploring this place.
 F = Levels seen in this place.
 G = Mean time per level.
                   A        B        C        D        E       F      G
               +--------+--------+--------+--------+--------+-----+--------+
         Total |   7772 |   7569 |    203 |     51 |   4753 |  12 |  647.7 |
       Dungeon |   7286 |   7083 |    203 |     51 |   4535 |  10 |  728.6 |
        Temple |     87 |     87 |      0 |      0 |      0 |   1 |   87.0 |
        Bailey |    397 |    397 |      0 |      0 |    218 |   1 |  397.0 |
               +--------+--------+--------+--------+--------+-----+--------+

Top non-repeatable levels by time:
     D:5: 1056 daAuts
     D:1: 905 daAuts
     D:6: 847 daAuts
     D:3: 774 daAuts
     D:4: 723 daAuts
     D:2: 681 daAuts
     D:7: 677 daAuts
     D:9: 613 daAuts
     D:8: 597 daAuts
    D:10: 410 daAuts
  Bailey: 397 daAuts
  Temple: 87 daAuts
